[ AOE2 MATCH · #506491997 ]
UnrankedVikings vs Koreans
Player's team · WIN
Rival team · LOSS
[ REPLAY ANALYSIS · EXTRACTED FROM THE RECORDED GAME ]
Feudal
—
Castle
—
Imperial
—
| APM avg | 49.1 |
| APM peak | 95 |
| eAPM avg | 15.9 |
| Villagers / military | 32 / 0 |
Focus
⚔️ 28.9% · 🌾 71.1%
Feudal
—
Castle
—
Imperial
—
| APM avg | 33.1 |
| APM peak | 60 |
| eAPM avg | 12.4 |
| Villagers / military | 19 / 1 |
Focus
⚔️ 21.3% · 🌾 78.7%
Militia ×1
Match map
Initial resources + every placement click. Lines = walls · curves = elevation contours. ◆ gold · ⬟ stone · ● berries · ✦ relic · ◌ wall gap
Your base
Yecklefenec's base
Smoothed initial terrain · ◌ = detected wall gap · hover for details
Inputs per minute
— pabloic16 - - Yecklefenec
Build order — pabloic16
44 actions detected in the replay
| 0:00 | Queue | Villager (Male) |
| 0:01 | Queue | Villager (Male) |
| 0:02 | Build | House |
| 0:03 | Build | House |
| 0:10 | Queue | Villager (Male) |
| 0:10 | Queue | Villager (Male) |
| 1:24 | Queue | Villager (Male) |
| 1:24 | Queue | Villager (Male) |
| 1:39 | Queue | Villager (Male) |
| 1:39 | Queue | Villager (Male) |
| 1:51 | Build | Lumber Camp |
| 2:07 | Queue | Villager (Male) |
| 2:07 | Queue | Villager (Male) |
| 2:07 | Queue | Villager (Male) |
| 2:37 | Queue | Villager (Male) |
| 2:37 | Queue | Villager (Male) |
| 2:37 | Queue | Villager (Male) |
| 2:53 | Queue | Villager (Male) |
| 2:53 | Queue | Villager (Male) |
| 2:53 | Queue | Villager (Male) |
| 3:23 | Queue | Villager (Male) |
| 3:23 | Queue | Villager (Male) |
| 3:49 | Build | House |
| 4:04 | Research | Loom |
| 4:05 | Queue | Villager (Male) |
| 4:05 | Queue | Villager (Male) |
| 4:15 | Build | Mill |
| 4:24 | Queue | Villager (Male) |
| 4:25 | Queue | Villager (Male) |
| 4:41 | Queue | Villager (Male) |
| 4:41 | Queue | Villager (Male) |
| 5:25 | Queue | Villager (Male) |
| 5:25 | Queue | Villager (Male) |
| 5:37 | Build | House |
| 5:46 | Queue | Villager (Male) |
| 6:37 | Queue | Villager (Male) |
| 6:38 | Queue | Villager (Male) |
| 6:39 | Research | Loom |
| 7:38 | Research | Feudal Age |
| 8:23 | Build | Mining Camp |
| 8:35 | Build | House |
| 8:44 | Build | Barracks |
| 8:57 | Queue | Villager (Male) |
| 8:57 | Queue | Villager (Male) |
Build order — Yecklefenec
27 actions detected in the replay
| 0:01 | Queue | Villager (Male) ×4 |
| 0:02 | Build | House |
| 0:03 | Build | House |
| 1:46 | Build | Lumber Camp |
| 1:53 | Queue | Villager (Male) |
| 1:53 | Queue | Villager (Male) |
| 2:24 | Build | House |
| 2:45 | Queue | Villager (Male) |
| 2:46 | Queue | Villager (Male) |
| 3:02 | Queue | Villager (Male) |
| 3:03 | Queue | Villager (Male) |
| 3:57 | Queue | Villager (Male) |
| 3:57 | Queue | Villager (Male) |
| 4:30 | Queue | Villager (Male) |
| 4:53 | Queue | Villager (Male) |
| 4:53 | Queue | Villager (Male) |
| 4:55 | Queue | Villager (Male) |
| 4:55 | Queue | Villager (Male) |
| 4:55 | Queue | Villager (Male) |
| 6:13 | Build | Barracks |
| 6:44 | Queue | Villager (Male) |
| 6:46 | Research | Loom |
| 7:09 | Build | Mining Camp |
| 7:18 | Build | House |
| 7:22 | Build | House |
| 7:38 | Research | Feudal Age |
| 8:08 | Queue | Militia |
Match timeline
| 6:13 | Yecklefenec · first_building Barracks |
| 8:44 | pabloic16 · first_building Barracks |
| 9:03 | Yecklefenec · resign |
[ AI ANALYSIS · 1 CREDIT ]
What really happened in this match?
Wolo.gg analyzes every decision: build order, eco, micro, common mistakes by bracket. Personalized analysis on WhatsApp or Discord in 30 seconds.
Civ guide
Vikings
Perfil
Jugador #2181986